AoeStats
← Randinator

Arena

510426549Analyzed
2v2 RM · 3d ago on Oct 1, 2026· 62m 3s· 4 players
Game mode
Random Map
Map size
Medium (4 player)
Population
200
Speed
Normal
Resources
Standard
Victory
Conquest
Starting age
Dark Age
Ending age
Imperial Age
RankedLock teamsTeams togetherTeam positionsShared explorationLock speedFull tech treeHidden civsTurbo modeCheats
Victory
Defeat
🇬🇧 Byzantines · United Kingdom
934
+14
🇨🇱 Celts · Chile
897
+15
🇺🇸 Chinese · United States
890
-15
🇬🇧 Slavs · United Kingdom
875
-14
Greenland Viking
5:32 Loom
11:36 Loom
13:29 Feudal Age
15:29 Wheelbarrow
14:40 Town Watch
19:07 Castle Age
17:17 Scale Barding Armor
17:24 Forging
18:16 Bloodlines
19:15 Double-Bit Axe
19:15 Horse Collar
19:27 Stone Mining
19:30 Gold Mining
20:19 Husbandry
23:43 Pikeman
26:14 Scale Mail Armor
26:06 Fletching
28:03 Hand Cart
28:37 Town Patrol
32:34 Imperial Age
30:42 Detinets
31:34 Squires
32:04 Chain Mail Armor
31:58 Light Cavalry
34:48 Conscription
35:11 Chain Barding Armor
35:54 Iron Casting
36:55 Heavy Scorpion
39:36 Blast Furnace
38:48 Bodkin Arrow
40:33 Elite Boyar
42:00 Halberdier
45:45 Plate Mail Armor
67676767676767676767676767676767
0:29 Loom
14:37 Feudal Age
16:01 Double-Bit Axe
19:12 Castle Age
19:32 Wheelbarrow
20:03 Bow Saw
21:28 Hand Cart
25:30 Horse Collar
30:32 Heavy Plow
36:54 Imperial Age
35:20 Coinage
35:16 Fortified Wall
35:26 Ballistics
36:53 Great Wall
36:48 Stone Mining
37:28 Fletching
37:39 Padded Archer Armor
38:13 Banking
38:48 Chemistry
38:00 Masonry
37:45 Murder Holes
38:40 Bodkin Arrow
39:02 Leather Archer Armor
39:21 Bracer
39:42 Forging
39:32 Scale Mail Armor
40:13 Stone Shaft Mining
39:29 Gold Mining
39:56 Sappers
41:09 Conscription
41:44 Architecture
41:59 Gold Shaft Mining
41:29 Squires
41:15 Arson
40:50 Pikeman
40:51 Man-at-Arms
42:48 Ring Archer Armor
42:54 Iron Casting
42:34 Chain Mail Armor
42:22 Elite Chu Ko Nu
43:23 Conscription
43:24 Rocketry
43:04 Long Swordsman
43:05 Halberdier
43:08 Capped Ram
43:51 Two-Handed Swordsman
44:21 Siege Ram
46:35 Blast Furnace
46:05 Plate Mail Armor
45:05 Champion
48:07 Town Watch
50:41 Town Patrol
Randinator
12:17 Feudal Age
17:14 Castle Age
18:17 Double-Bit Axe
19:00 Elite Skirmisher
21:14 Bow Saw
21:30 Fletching
22:42 Bodkin Arrow
23:37 Wheelbarrow
25:24 Hand Cart
25:40 Padded Archer Armor
25:26 Horse Collar
25:41 Loom
32:52 Imperial Age
32:28 Leather Archer Armor
32:28 Forging
33:08 Husbandry
33:27 Scale Barding Armor
34:13 Bracer
34:14 Cavalier
36:23 Chain Barding Armor
36:40 Iron Casting
36:29 Conscription
36:14 Paladin
37:53 Plate Barding Armor
39:22 Heavy Plow
40:25 Two-Man Saw
40:03 Ring Archer Armor
40:26 Thumb Ring
53:58 Gold Mining
53:35 Heavy Cavalry Archer
53:39 Heavy Camel Rider
54:42 Logistica
61:44 Spies/Treason
TitoHermoso
11:33 Feudal Age
16:43 Castle Age
15:10 Double-Bit Axe
15:12 Horse Collar
18:22 Wheelbarrow
22:00 Bow Saw
23:13 Hand Cart
23:22 Pikeman
24:25 Scale Barding Armor
30:32 Imperial Age
28:24 Gambesons
29:20 Heavy Plow
30:16 Forging
30:11 Scale Mail Armor
29:34 Elite Skirmisher
30:59 Fletching
31:37 Halberdier
32:01 Capped Ram
35:10 Iron Casting
34:32 Bodkin Arrow
35:02 Ballistics
34:55 Loom
36:19 Onager
42:21 Furor Celtica
42:02 Stronghold
44:03 Chain Mail Armor
44:49 Blast Furnace
44:39 Siege Ram
49:27 Siege Onager
49:33 Siege Onager
52:51 Plate Mail Armor
52:23 Padded Archer Armor
52:46 Masonry
55:16 Chemistry
Connection lost

Rejoining the realm…

Still unreachable

The connection could not be restored.

Session expired

The server has moved on; the page needs a fresh start.